3A
YORK REVOLUTION @ NIAGARA FALLS EXPOS
07/12/2020
 
TOP OF THE 1ST
York Revolution batting - Pitching for Niagara Falls Expos : RHP Bayram Tanaoglu
Pitching: RHP Bayram Tanaoglu
Batting: RHB Alfonso Enríquez 0-0: Swinging Strike
0-1: Swinging Strike
0-2: Foul Ball, location: 2F
0-2: Ball
1-2: Ball
2-2: Strikes out swinging
Batting: RHB Juan Castanedo 0-0: Ball
1-0: Called Strike
1-1: Fly out, F7 (Flyball, 7M)
Batting: RHB Reggie Kahn 0-0: SINGLE (Flyball, 8RS)
Batting: RHB Sergio Ortíz 0-0: Ball
1-0: Ball
2-0: Called Strike
2-1: Foul Ball, location: 2F
2-2: SINGLE (Line Drive, 89S)
Reggie Kahn to second
Batting: RHB Henry Cameron 0-0: Ball
1-0: Ball
2-0: Called Strike
2-1: Foul Ball, location: 2F
2-2: Foul Ball, location: 2F
2-2: Reached on error, E5 (Groundball, 5)
Reggie Kahn scores
Sergio Ortíz to third
Batting: RHB Dale O'Sullivan 0-0: Swinging Strike
0-1: Foul Ball, location: 2F
0-2: Ball
1-2: Strikes out swinging
Top of the 1st over - 1 run(s), 2 hit(s), 1 error(s), 2 left on base; York 1 - Niagara Falls 0
BOTTOM OF THE 1ST
Niagara Falls Expos batting - Pitching for York Revolution : LHP Glen Holland
Pitching: LHP Glen Holland
Batting: RHB Michael Peterson 0-0: Ball
1-0: Foul Ball, location: 2F
1-1: Swinging Strike
1-2: Ball
2-2: Strikes out swinging
Batting: RHB Fred Meyer 0-0: Fly out, F3 (Popup, 3F)
Batting: RHB Brent Ryan 0-0: Fly out, F6 (Line Drive, 6M)
Bottom of the 1st over - 0 run(s), 0 hit(s), 0 error(s), 0 left on base; York 1 - Niagara Falls 0
TOP OF THE 2ND
York Revolution batting - Pitching for Niagara Falls Expos : RHP Bayram Tanaoglu
Batting: RHB José Paz 0-0: Ball
1-0: Fly out, F4 (Popup, 34)
Batting: RHB Justin Roberts 0-0: Ball
1-0: Ball
2-0: Foul Ball, location: 2F
2-1: Swinging Strike
2-2: Ball
3-2: DOUBLE (Line Drive, 78M)
Batting: LHB Mike Cook 0-0: Ball
1-0: Called Strike
1-1: Swinging Strike
1-2: Strikes out swinging
Batting: RHB Alfonso Enríquez 0-0: Called Strike
0-1: Swinging Strike
0-2: Ball
1-2: Fly out, F7 (Line Drive, 7M)
Top of the 2nd over - 0 run(s), 1 hit(s), 0 error(s), 1 left on base; York 1 - Niagara Falls 0
BOTTOM OF THE 2ND
Niagara Falls Expos batting - Pitching for York Revolution : LHP Glen Holland
Batting: RHB Bennett Bates 0-0: Foul Ball, location: 2F
0-1: Called Strike
0-2: Ball
1-2: Ball
2-2: Foul Ball, location: 2F
2-2: Foul Ball, location: 2F
2-2: SINGLE (Flyball, 8LS)
Batting: RHB Carl Bryant 0-0: Ball
1-0: Ball
2-0: Called Strike
2-1: Ball
3-1: Called Strike
3-2: Base on Balls
Bennett Bates to second
Batting: SHB Janghyun Sam 0-0: Ball
1-0: SINGLE (Line Drive, 89S)
Bennett Bates to third
Carl Bryant to second
Batting: RHB Tony Martínez 0-0: Grounds into fielders choice 1-2 (Groundball, 13S)
Carl Bryant to third
Janghyun Sam to second
Batting: RHB Sean MacKnight 0-0: Ball
1-0: Ball
2-0: Ball
3-0: Base on Balls
Carl Bryant scores
Janghyun Sam to third
Tony Martínez to second
Batting: LHB Rob Wilson 0-0: Ball
1-0: Swinging Strike
1-1: SINGLE (Flyball, 8RS)
Janghyun Sam scores
Tony Martínez to third
Sean MacKnight to second
Batting: RHB Michael Peterson 0-0: Called Strike
0-1: Ball
1-1: Ball
2-1: Called Strike
2-2: Foul Ball, location: 2F
2-2: SINGLE (Groundball, 34)
Tony Martínez scores
Sean MacKnight to third
Rob Wilson to second
Runner from 3rd tries for Home, SAFE, no throw or cutoff
Batting: RHB Fred Meyer 0-0: Swinging Strike
0-1: Foul Ball, location: 2F
0-2: SINGLE (Line Drive, 4MD)
Rob Wilson to third
Michael Peterson to second
Runner from 3rd tries for Home, SAFE, no throw or cutoff
Batting: RHB Brent Ryan 0-0: Fielders Choice at 2nd, 1-6 (Groundball, 15)
Michael Peterson to third
Batting: RHB Bennett Bates 0-0: Ball
1-0: SINGLE (Line Drive, 34D)
Michael Peterson scores
Brent Ryan to second
Batting: RHB Carl Bryant 0-0: Called Strike
0-1: SINGLE (Groundball, 4D) (infield hit)
Brent Ryan to third
Bennett Bates to second
Batting: SHB Janghyun Sam 0-0: SINGLE (Flyball, 89S)
Brent Ryan scores
Bennett Bates to third
Carl Bryant to second
Runner from 3rd tries for Home, SAFE, no throw or cutoff
Pitching: LHP Ricardo Roquette
Batting: RHB Tony Martínez 0-0: Ball
1-0: Called Strike
1-1: Foul Ball, location: 2F
1-2: Ball
2-2: Fly out, F5 (Line Drive, 5)
Bottom of the 2nd over - 8 run(s), 8 hit(s), 0 error(s), 2 left on base; York 1 - Niagara Falls 8
TOP OF THE 3RD
York Revolution batting - Pitching for Niagara Falls Expos : RHP Bayram Tanaoglu
Batting: RHB Juan Castanedo 0-0: Ball
1-0: Called Strike
1-1: Fly out, F7 (Flyball, 78M)
Batting: RHB Reggie Kahn 0-0: Ground out 6-3 (Groundball, 6M)
Batting: RHB Sergio Ortíz 0-0: Ball
1-0: Ball
2-0: Ball
3-0: Called Strike
3-1: Swinging Strike
3-2: Strikes out swinging
Top of the 3rd over - 0 run(s), 0 hit(s), 0 error(s), 0 left on base; York 1 - Niagara Falls 8
BOTTOM OF THE 3RD
Niagara Falls Expos batting - Pitching for York Revolution : LHP Ricardo Roquette
Batting: RHB Sean MacKnight 0-0: DOUBLE (Line Drive, 56D)
Batting: LHB Rob Wilson 0-0: Foul Ball, location: 2F
0-1: Fly out, F6 (Popup, 5)
Batting: RHB Michael Peterson 0-0: SINGLE (Line Drive, 8RS)
Sean MacKnight to third
Runner from 3rd tries for Home, SAFE, no throw or cutoff
Batting: RHB Fred Meyer 0-0: Swinging Strike
0-1: Ball
1-1: Grounds into double play, 6-4-3 (Groundball, 6)
Bottom of the 3rd over - 1 run(s), 2 hit(s), 0 error(s), 0 left on base; York 1 - Niagara Falls 9
TOP OF THE 4TH
York Revolution batting - Pitching for Niagara Falls Expos : RHP Bayram Tanaoglu
Batting: RHB Henry Cameron 0-0: Swinging Strike
0-1: Ball
1-1: Called Strike
Reached via error on a dropped throw, E3
Batting: RHB Dale O'Sullivan 0-0: Called Strike
0-1: Swinging Strike
0-2: Fly out, F9 (Flyball, 9M)
Batting: RHB José Paz 0-0: Called Strike
0-1: Fly out, F9 (Flyball, 9LM)
Batting: RHB Justin Roberts 0-0: Ball
1-0: Ball
2-0: Ground out 5-3 (Groundball, 5S)
Top of the 4th over - 0 run(s), 0 hit(s), 1 error(s), 1 left on base; York 1 - Niagara Falls 9
BOTTOM OF THE 4TH
Niagara Falls Expos batting - Pitching for York Revolution : LHP Ricardo Roquette
Batting: RHB Brent Ryan 0-0: Ball
1-0: Ball
2-0: Fly out, F8 (Flyball, 8RM)
Batting: RHB Bennett Bates 0-0: Ball
1-0: Called Strike
1-1: Foul Ball, location: 2F
1-2: Foul Ball, location: 2F
1-2: Ball
2-2: Ball
3-2: Foul Ball, location: 2F
3-2: Ground out U3 (Groundball, 3S)
Batting: RHB Carl Bryant 0-0: Foul Ball, location: 2F
0-1: Ball
1-1: Ball
2-1: Ball
3-1: Foul Ball, location: 2F
3-2: Strikes out swinging
Bottom of the 4th over - 0 run(s), 0 hit(s), 0 error(s), 0 left on base; York 1 - Niagara Falls 9
TOP OF THE 5TH
York Revolution batting - Pitching for Niagara Falls Expos : RHP Bayram Tanaoglu
Batting: LHB Mike Cook 0-0: Ball
1-0: Ball
2-0: SINGLE (Groundball, 34D)
Batting: RHB Alfonso Enríquez 0-0: Hit by Pitch
Mike Cook to second
Batting: RHB Juan Castanedo 0-0: Called Strike
0-1: Ball
1-1: Ball
2-1: Grounds into double play, 4-6-3 (Groundball, 4)
Mike Cook to third
Batting: RHB Reggie Kahn 0-0: Called Strike
0-1: SINGLE (Line Drive, 6M)
Mike Cook scores
Batting: RHB Sergio Ortíz 0-0: Called Strike
0-1: Fly out, F8 (Flyball, 8RS)
Top of the 5th over - 1 run(s), 2 hit(s), 0 error(s), 1 left on base; York 2 - Niagara Falls 9
BOTTOM OF THE 5TH
Niagara Falls Expos batting - Pitching for York Revolution : LHP Ricardo Roquette
Batting: SHB Janghyun Sam 0-0: Ball
1-0: DOUBLE (Flyball, 8RM)
Batting: RHB Tony Martínez 0-0: Foul Ball, location: 2F
0-1: Ball
1-1: Bunted foul
1-2: Foul Ball, location: 2F
1-2: Foul Ball, location: 2F
1-2: Strikes out looking
Batting: RHB Sean MacKnight 0-0: DOUBLE (Line Drive, 7LS)
Janghyun Sam scores
Batting: LHB Rob Wilson 0-0: Foul Ball, location: 2F
0-1: SINGLE (Flyball, 7LS)
Sean MacKnight to third
Runner from 3rd tries for Home, SAFE, throw made home
Batting: RHB Michael Peterson 0-0: Called Strike
Rob Wilson is caught stealing 2nd base
0-1: Swinging Strike
0-2: Ball
1-2: Strikes out looking
Bottom of the 5th over - 2 run(s), 3 hit(s), 0 error(s), 0 left on base; York 2 - Niagara Falls 11
TOP OF THE 6TH
York Revolution batting - Pitching for Niagara Falls Expos : RHP Bayram Tanaoglu
Batting: RHB Henry Cameron 0-0: Ball
1-0: SINGLE (Groundball, 56)
Batting: RHB Dale O'Sullivan 0-0: Called Strike
0-1: Ball
1-1: Ball
2-1: DOUBLE (Flyball, 7M)
Henry Cameron to third
Batting: RHB José Paz 0-0: Foul Ball, location: 2F
0-1: Ball
1-1: Ball
2-1: Called Strike
2-2: Fly out, F8 (Flyball, 8RM)
Runner from 3rd tags up, SCORES, throw made
Batting: RHB Justin Roberts 0-0: Ground out 6-3 (Groundball, 6)
Batting: LHB Mike Cook 0-0: Called Strike
0-1: SINGLE (Line Drive, 7S)
Dale O'Sullivan to third
Runner from 3rd tries for Home, SAFE, no throw or cutoff
Batting: RHB Alfonso Enríquez 0-0: Ball
1-0: Called Strike
1-1: Swinging Strike
1-2: Ball
2-2: Foul Ball, location: 2F
2-2: Ball
3-2: Foul Ball, location: 2F
3-2: Base on Balls
Mike Cook to second
Batting: RHB Juan Castanedo 0-0: Fly out, F4 (Popup, 4D)
Top of the 6th over - 2 run(s), 3 hit(s), 0 error(s), 2 left on base; York 4 - Niagara Falls 11
BOTTOM OF THE 6TH
Niagara Falls Expos batting - Pitching for York Revolution : LHP Ricardo Roquette
Pitching: RHP Chi-hun O
Batting: RHB Fred Meyer 0-0: Ball
1-0: Fly out, F9 (Flyball, 9D)
Batting: RHB Brent Ryan 0-0: Called Strike
0-1: Ball
1-1: Swinging Strike
1-2: Ball
2-2: Strikes out swinging
Batting: RHB Bennett Bates 0-0: Called Strike
0-1: SINGLE (Line Drive, 7LS)
Batting: RHB Carl Bryant 0-0: Swinging Strike
0-1: Ball
1-1: Foul Ball, location: 2F
1-2: Strikes out swinging
Bottom of the 6th over - 0 run(s), 1 hit(s), 0 error(s), 1 left on base; York 4 - Niagara Falls 11
TOP OF THE 7TH
York Revolution batting - Pitching for Niagara Falls Expos : RHP Bayram Tanaoglu
Batting: RHB Reggie Kahn 0-0: Ball
1-0: Foul Ball, location: 2F
1-1: Foul Ball, location: 2F
1-2: SINGLE (Line Drive, 56)
Batting: RHB Sergio Ortíz 0-0: Called Strike
0-1: Ball
1-1: Ball
2-1: Ball
3-1: Foul Ball, location: 2F
3-2: Strikes out swinging
Batting: RHB Henry Cameron 0-0: Called Strike
0-1: Ball
1-1: Ball
2-1: Foul Ball, location: 2F
2-2: Strikes out swinging
Reggie Kahn steals 2nd base
Batter strikes out.
Batting: RHB Dale O'Sullivan 0-0: Ball
1-0: Foul Ball, location: 2F
1-1: Foul Ball, location: 2F
1-2: Foul Ball, location: 2F
1-2: Ball
2-2: Ball
3-2: Foul Ball, location: 2F
3-2: Base on Balls
Pitching: RHP Maik Kruidenier
Batting: RHB José Paz 0-0: Foul Ball, location: 2F
0-1: SINGLE (Groundball, 5D)
Reggie Kahn to third
Dale O'Sullivan to second
Runner from 3rd tries for Home, SAFE, no throw or cutoff
Batting: RHB Justin Roberts 0-0: Fly out, F8 (Flyball, 8RM)
Top of the 7th over - 1 run(s), 2 hit(s), 0 error(s), 2 left on base; York 5 - Niagara Falls 11
BOTTOM OF THE 7TH
Niagara Falls Expos batting - Pitching for York Revolution : RHP Chi-hun O
Batting: SHB Janghyun Sam 0-0: DOUBLE (Line Drive, 5D)
Batting: RHB Tony Martínez 0-0: Ground out 5-3 (Groundball, 5)
Batting: RHB Sean MacKnight 0-0: Ground out 6-3 (Groundball, 6)
Batting: LHB Rob Wilson 0-0: Ball
1-0: Ball
2-0: Ball
3-0: Base on Balls
Batting: RHB Michael Peterson 0-0: Called Strike
0-1: SINGLE (Line Drive, 4D)
Janghyun Sam to third
Rob Wilson to second
Runner from 3rd tries for Home, SAFE, no throw or cutoff
Batting: RHB Fred Meyer 0-0: Ball
1-0: Ball
2-0: Ball
3-0: Called Strike
3-1: Ground out 2-3 (Groundball, 23)
Bottom of the 7th over - 1 run(s), 2 hit(s), 0 error(s), 2 left on base; York 5 - Niagara Falls 12
TOP OF THE 8TH
York Revolution batting - Pitching for Niagara Falls Expos : RHP Maik Kruidenier
Batting: LHB Mike Cook 0-0: Called Strike
0-1: Called Strike
0-2: Strikes out swinging
Batting: RHB Alfonso Enríquez 0-0: Ball
1-0: Called Strike
1-1: Fly out, F7 (Flyball, 7M)
Batting: RHB Juan Castanedo 0-0: SINGLE (Line Drive, 4M)
Batting: RHB Reggie Kahn 0-0: SINGLE (Flyball, 8RS)
Juan Castanedo to second
Batting: RHB Sergio Ortíz 0-0: Fly out, F9 (Flyball, 89M)
Top of the 8th over - 0 run(s), 2 hit(s), 0 error(s), 2 left on base; York 5 - Niagara Falls 12
BOTTOM OF THE 8TH
Niagara Falls Expos batting - Pitching for York Revolution : RHP Chi-hun O
Batting: RHB Brent Ryan 0-0: Ball
1-0: Ground out 6-3 (Groundball, 6)
Batting: RHB Bennett Bates 0-0: Called Strike
0-1: Ball
1-1: Called Strike
1-2: Foul Ball, location: 2F
1-2: Ball
2-2: Ball
3-2: Ground out 6-3 (Groundball, 6)
Batting: RHB Carl Bryant 0-0: Called Strike
0-1: Swinging Strike
0-2: Ball
1-2: Fly out, F9 (Flyball, 9M)
Bottom of the 8th over - 0 run(s), 0 hit(s), 0 error(s), 0 left on base; York 5 - Niagara Falls 12
TOP OF THE 9TH
York Revolution batting - Pitching for Niagara Falls Expos : RHP Maik Kruidenier
Batting: RHB Henry Cameron 0-0: Ball
1-0: Ball
2-0: Ball
3-0: Base on Balls
Batting: RHB Dale O'Sullivan 0-0: Foul Ball, location: 2F
0-1: Called Strike
0-2: Fly out, F3 (Popup, 34S)
Batting: RHB José Paz 0-0: Fly out, F7 (Popup, 78S)
Batting: RHB Justin Roberts 0-0: Ball
1-0: Ball
2-0: Ball
3-0: Called Strike
3-1: Base on Balls
Henry Cameron to second
Batting: LHB Mike Cook 0-0: Called Strike
0-1: Ball
1-1: Ground out 6-3 (Groundball, 6)
Top of the 9th over - 0 run(s), 0 hit(s), 0 error(s), 2 left on base; York 5 - Niagara Falls 12
This league is powered by Out of the Park Baseball, the baseball management simulation game for PC, Mac and Linux
Friday, October 23rd, 2015 - OOTP Baseball 16.9 Build 39